 Dungeon Crawl Stone Soup version 0.30-a0-571-gdf30a72648 (webtiles) character file.

Game seed: 8839154075420573771

154 Newt the Shooter (level 5, -4/33 HPs)
             Began as a Kobold Hunter on Dec 29, 2022.
             Slain by Ijyb
             ... wielding a +0 dagger
              (5 damage)
             ... on level 4 of the Dungeon.
             The game lasted 00:02:20 (1833 turns).

Newt the Shooter (Kobold Hunter)                    Turns: 1833, Time: 00:02:20

Health: -4/33      AC:  5    Str:  8    XL:     5   Next: 62%
Magic:  5/5        EV: 14    Int: 11    God:
Gold:   51         SH:  0    Dex: 20    Spells: 4/4 levels left

rFire   . . .      SeeInvis .    m - +0 sling
rCold   . . .      Faith    .    (no shield)
rNeg    . . .      Spirit   .    c - +0 leather armour
rPois   .          Reflect  .    (no helmet)
rElec   .          Harm     .    e - +0 cloak
rCorr   .          Rampage  .    h - +0 pair of gloves
Will    .....                    (no boots)
Stlth   +++                      (no amulet)
HPRegen 0.25/turn                (no ring)
MPRegen 0.09/turn                (no ring)

@: about to teleport, hasted, very quick
A: small, no large weapons, nightstalker 3
a: no special abilities


You were on level 4 of the Dungeon.
You visited 1 branch of the dungeon, and saw 3 of its levels.

You collected 51 gold pieces.

Inventory:

Hand Weapons
 a - a +0 shortbow of chaos
 m - a +0 sling (weapon)
Armour
 c - a +0 leather armour (worn)
 e - a +0 cloak (worn)
 h - a +0 pair of gloves (worn)
Jewellery
 k - a ring of ice
Scrolls
 b - a scroll of immolation
 d - a scroll of identify
 j - a scroll of poison
Potions
 f - a potion of mutation
 g - a potion of ambrosia
 i - a potion of flight
 l - a potion of haste


   Skills:
 - Level 4.0 Fighting
 - Level 7.0 Ranged Weapons
 + Level 2.6 Dodging
 - Level 3.0 Stealth


You had 4 spell levels left.
You didn't know any spells.
Your spell library contained the following spells:

 Spells                   Type           Power      Damage    Failure   Level
 Freeze                   Ice            0%         1d3       45%         1
 Dazzling Flash           Conj/Hex       0%         N/A       83%         3
 Frozen Ramparts          Ice            0%         1d1       83%         3
 Hailstorm                Conj/Ice       0%         3d3       83%         3
 Iskenderun's Mystic Bla  Conj/Tloc      0%         2d3       99%         4
 Starburst                Conj/Fire      0%         6d3       100%        6


Dungeon Overview and Level Annotations

Branches:
Dungeon (2/15)             Temple (0/1) D:4

Altars:
Okawaru

Annotations:
D:4 Ijyb


Innate Abilities, Weirdness & Mutations

You are small and have problems with some larger weapons.
You are completely attuned to the shadows.


Message History

Ijyb hits you with a +0 dagger.
You shoot a sling bullet. The sling bullet hits Ijyb.
Ijyb is moderately wounded.
The hound barely misses you. Ijyb hits you but does no damage.
The hound bites you but does no damage.
You shoot a sling bullet. The sling bullet hits Ijyb.
Ijyb is moderately wounded.
Ijyb zaps a wand.
The bolt of acid hits you!!
Ouch! That really hurt!
The hound closely misses you.
You are too injured to fight recklessly!
You are too injured to fight recklessly!
You are too injured to fight recklessly!
You are too injured to fight recklessly!
You shoot a sling bullet. The sling bullet barely misses Ijyb.
The hound bites you but does no damage.
Ijyb zaps a wand.
The bolt of acid misses you.
The now-empty wand crumbles to dust.
The hound bites you.
* * * LOW HITPOINT WARNING * * *
You feel yourself speed up. Ijyb hits you with a +0 dagger.
* * * LOW HITPOINT WARNING * * *
The hound bites you but does no damage.
As you read the scroll of teleportation, it crumbles to dust.
You feel strangely unstable. The hound bites you but does no damage.
Ijyb hits you but does no damage. The hound bites you.
* * * LOW HITPOINT WARNING * * *
Unknown command.
Ijyb hits you with a +0 dagger.
* * * LOW HITPOINT WARNING * * *
You are too injured to fight recklessly!
You shoot a sling bullet.
The sling bullet closely misses the hound.
The hound bites you.
* * * LOW HITPOINT WARNING * * *
Unknown command.
You shoot a sling bullet.
The sling bullet hits the hound but does no damage.
You hear the brisk rusting of a very distant drain.
Ijyb hits you with a +0 dagger.
You die...

#####...........
#.##.##.
#.............# #
##.##.
#(########....#######
...... #.#
#h............ ......
#.# #.#..........#.
...#.# #.#
#.##........#_# ####.#
..# # ###.##.#..#. #.#
### #.##g#.... #.#
#.##@h.... #.# #.#
#.####...# #.# #.# #.#
#.## #.# #.# #†# .#
#.# #.# #.#####.# #.#
####.####....... #..
#...........<... ..#
#.###
#####.#####.###.###.##
#.# #.# # ......# #.#
#.###.##.##.###.# #


You could see Ijyb and a hound.

Vanquished Creatures
  A black bear (D:4)
  3 adders
  A worm (D:2)
  A dart slug (D:1)
  6 endoplasms
  2 giant cockroaches (D:4)
  4 goblins
  A hobgoblin (D:1)
  4 kobolds
  A quokka (D:2)
  7 ball pythons
  3 rats
34 creatures vanquished.

Notes
Turn   | Place    | Note
-------+----------+-------------------------------------------
     0 | D:1      | Newt the Kobold Hunter began the quest for the Orb.
     0 | D:1      | Reached XP level 1. HP: 12/12 MP: 1/1
   169 | D:1      | Found a faded altar of an unknown god.
   235 | D:1      | Reached XP level 2. HP: 17/17 MP: 2/2
  1116 | D:2      | Reached XP level 3. HP: 21/21 MP: 3/3
  1174 | D:2      | Reached skill level 6 in Ranged Weapons
  1533 | D:2      | You fall into a shaft and drop 2 floors!
  1673 | D:4      | Found a staircase to the Ecumenical Temple.
  1673 | D:4      | Noticed a black bear
  1688 | D:4      | Reached XP level 4. HP: 19/26 MP: 4/4
  1693 | D:4      | Killed a black bear
  1694 | D:4      | Reached skill level 7 in Ranged Weapons
  1694 | D:4      | Reached XP level 5. HP: 17/33 MP: 5/5
  1723 | D:4      | Noticed a phantom
  1817 | D:4      | Noticed Ijyb
  1821 | D:4      | Found an iron altar of Okawaru.
  1832 | D:4      | HP: 1/33 [hound (4)]
  1833 | D:4      | Slain by Ijyb

Illustrated notes

Levels and vault maps discovered:
D:1:      saegor_arrival_miasma, layout_loops_corners,
          ebering_ecumenical_altar_petrified, fountainhead, minivault_11,
          nicolae_titane
D:2:      layout_loops_corners, basic_altar
D:4:      layout_loops_ring, okawaru_metal_pillars_1_2,
          minmay_temple_entry_grid, portal_sewer_entry_e,
          nicolae_inconvenience_store, uniq_ijyb

Skill      XL: |  1  2  3  4  5 |
---------------+----------------+-----
Stealth        | 2 3 |  3.0
Ranged Weapons | 6 7 |  7.0
Fighting       | 3 4 |  4.0
Dodging        | |  2.6

Action                   |  1- 3 |  4- 6 || total
-------------------------+-------+-------++-------
 Fire: Shortbow          |    45 |       ||    45
       Sling             |    11 |    25 ||    36
  Use: Scroll            |     7 |     2 ||     9
       Potion            |       |     1 ||     1
Armor: Leather armour    |     4 |    14 ||    18
Dodge: Dodged            |    19 |    17 ||    36

Table legend: (Time is in decaauts)
 A = Elapsed time spent in this place.
 B = Non-inter-level travel time spent in this place.
 C = Inter-level travel time spent in this place.
 D = Time resting spent in this place.
 E = Time spent auto-exploring this place.
 F = Levels seen in this place.
 G = Mean time per level.
                   A        B        C        D        E       F      G
               +--------+--------+--------+--------+--------+-----+--------+
         Total |   1848 |   1800 |     48 |      0 |   1484 |   3 |  616.0 |
       Dungeon |   1848 |   1800 |     48 |      0 |   1484 |   3 |  616.0 |
               +--------+--------+--------+--------+--------+-----+--------+

Top non-repeatable levels by time:
     D:1: 1122 daAuts
     D:2: 423 daAuts
     D:4: 302 daAuts
